Map: World of Sleepers LE

Players

Mez - Winner!

  • Race: Terran Terran
  • League: Master
  • Spawn Location: 1:00

MonSter

  • Race: Zerg Zerg
  • Spawn Location: 7:00

VOD

Have the link to the VOD?

Description

Time

  • Played on: Sept. 8, 2019, 6:24 p.m.
  • Length: 15:40
Show
View Real Time Build Order
Export as new Build Order

Mez Terran - Winner!

Build Orders: Reaper Expand 

Get SALT Encoding   

  12  0:01  SCV  
  13  0:13  SCV  
  14  0:18  Supply Depot  
  14  0:25  SCV  
  15  0:40  SCV  
  15  0:42  Barracks  
  16  0:45  Refinery  
  16  0:52  SCV  
  17  1:04  SCV  
  18  1:16  SCV  
  19  1:30  Orbital Command, Reaper  
  20  1:41  Command Center  
  20  1:48  Command Center  
  20  1:57  SCV  
  21  2:03  Marine, Supply Depot  
  22  2:13  SCV  
  23  2:17  Factory  
  23  2:25  SCV, Barracks Reactor  
  24  2:37  SCV  
  24  2:48  Refinery  
  24  2:49  SCV  
  25  3:01  Orbital Command, SCV, Hellion  
  28  3:13  SCV  
  28  3:14  Starport  
  29  3:25  SCV  
  30  3:28  SCV  
  30  3:29  Hellion x2  
  30  3:31  Barracks Tech Lab  
  35  3:39  SCV  
  35  3:40  SCV  
  37  3:51  SCV  
  37  3:52  SCV  
  37  3:54  Hellion x2  
  42  4:03  Fusion Core  
  42  4:08  SCV x2  
  44  4:13  Supply Depot  
  44  4:24  SCV  
  44  4:25  SCV  
  44  4:26  Command Center  
  44  4:27  Supply Depot  
  46  4:32  Refinery  
  46  4:41  SCV x2  
  48  4:46  Hellion  
  48  4:47  Hellion  
  52  4:53  SCV x2  
  52  4:54  Battlecruiser  
  60  5:06  SCV x2  
  62  5:11  Refinery  
  62  5:14  Factory x2  
  62  5:31  Supply Depot x2  
  62  5:34  Weapon Refit  
  62  5:38  SCV x2, Hellion x2  
  62  5:39  Orbital Command  
  62  5:50  SCV x2  
  62  5:59  Hellion x2  
  62  6:02  SCV  
  67  6:09  SCV  
  67  6:10  Supply Depot  
  68  6:11  Supply Depot  
  68  6:13  Factory Tech Lab x2, Supply Depot  
  68  6:15  Battlecruiser  
  74  6:22  SCV x3  
  77  6:32  Hellion x3  
  83  6:34  SCV x2  
  85  6:52  SCV x2  
  73  7:11  Cyclone x2  
  73  7:14  Hellion x2  
  73  7:15  Mag-Field Accelerator, Infernal Pre-Igniter  
  83  7:19  Battlecruiser  
  89  7:26  Armory  
  89  7:27  SCV x2  
  91  7:33  Orbital Command  
  91  7:39  SCV x2  
  91  7:43  Hellion  
  93  7:45  Hellion x2  
  90  7:51  SCV x2  
  90  7:57  Hellion  
  88  7:58  SCV  
  88  8:03  SCV x2  
  88  8:05  Hellion  
  93  8:06  Refinery  
  93  8:11  Armory  
  93  8:14  Refinery  
  93  8:20  Supply Depot  
  93  8:21  Supply Depot  
  93  8:28  Supply Depot x2  
  93  8:30  Supply Depot  
  93  8:31  SCV  
  93  8:32  SCV x2  
  92  8:43  SCV  
  92  8:44  SCV x2, Hellion x3  
  101  8:55  SCV  
  101  8:56  SCV x2  
  104  9:07  SCV  
  104  9:08  SCV x2  
  107  9:13  Command Center  
  107  9:14  Command Center  
  107  9:19  Hellion x4, Supply Depot  
  107  9:20  SCV x2  
  114  9:24  Starport  
  114  9:25  Starport x2  
  114  9:27  SCV  
  115  9:32  SCV x2  
  93  9:39  SCV, Terran Vehicle Weapons Level 1  
  93  9:41  Hellion  
  93  9:44  SCV  
  97  9:49  Supply Depot  
  97  9:53  Supply Depot, Battlecruiser  
  96  10:18  Starport Tech Lab x2  
  96  10:19  Starport Tech Lab  
  96  10:20  Armory  
  94  10:23  Hellion  
  94  10:24  Hellion x3  
  94  10:27  Orbital Command  
  101  10:43  Supply Depot  
  101  10:47  Supply Depot, Battlecruiser x2  
  101  10:48  Supply Depot  
  113  10:51  Battlecruiser  
  119  11:00  SCV x3  
  122  11:11  Terran Vehicle And Ship Armor Level 1  
  122  11:12  SCV  
  123  11:22  Unknown  
  123  11:26  Engineering Bay  
  123  11:30  SCV x4  
  127  11:38  Hellion x3  
  133  11:41  Command Center  
  133  11:42  SCV x3  
  133  11:43  Battlecruiser  
  133  11:44  Command Center  
  142  11:53  Siege Tank  
  145  11:59  Siege Tank  
  148  12:01  Planetary Fortress  
  148  12:05  Hellion x2  
  152  12:12  SCV  
  152  12:13  SCV x2  
  152  12:14  SCV  
  156  12:25  Siege Tank, SCV x2  
  114  12:40  SCV x4  
  114  12:49  Battlecruiser x3  
  132  12:52  SCV  
  132  12:53  SCV x3  
  136  13:04  SCV  
  137  13:08  SCV x3  
  137  13:09  Orbital Command  
  137  13:10  Orbital Command  
  141  13:20  SCV x4  
  144  13:27  Battlecruiser  
  144  13:32  SCV x2  
  144  13:33  SCV x2  
  154  13:44  SCV x2  
  154  13:45  SCV x2  
  158  13:54  Supply Depot  
  158  13:55  Command Center  
  158  13:56  Command Center, Orbital Command  
  158  13:57  Command Center  
  158  13:59  Siege Tank x2, Orbital Command  
  158  14:00  Hellion x2  
  148  14:14  Battlecruiser  
  138  14:17  Unknown  
  138  14:21  Hellion  
  140  14:26  SCV x6  
  146  14:41  SCV x4  
  150  14:51  Hellion x4  
  155  14:58  Orbital Command  
  155  14:59  SCV  
  148  15:00  SCV x3  
  148  15:01  Orbital Command  
  151  15:10  Orbital Command  
  151  15:11  SCV, Orbital Command  
  151  15:12  Hellion x3  
  152  15:30  Supply Depot x3  
Show
View Real Time Build Order
Export as new Build Order

MonSter Zerg 

Build Orders: Hatch First 

Get SALT Encoding   

  12  0:01  Drone  
  13  0:12  Overlord  
  13  0:18  Drone  
  14  0:31  Drone x2  
  17  0:35  Drone  
  17  0:53  Hatchery  
  17  0:55  Drone  
  17  1:11  Spawning Pool  
  16  1:12  Drone  
  16  1:15  Drone  
  19  1:18  Drone  
  19  1:26  Extractor  
  19  1:30  Drone  
  19  1:41  Overlord  
  19  1:57  Queen  
  19  1:59  Zergling x2  
  22  2:01  Zergling x2  
  22  2:05  Queen  
  22  2:07  Drone  
  26  2:11  Drone  
  27  2:16  Drone  
  28  2:25  Drone  
  28  2:26  Metabolic Boost  
  29  2:32  Drone  
  29  2:38  Drone  
  29  2:39  Drone  
  31  2:45  Drone  
  31  2:47  Queen  
  31  2:50  Overlord  
  34  2:55  Drone  
  35  3:03  Queen, Extractor  
  36  3:10  Drone x3  
  39  3:20  Zergling x6  
  39  3:23  Drone  
  43  3:28  Overlord  
  43  3:44  Hatchery  
  42  3:50  Drone x5  
  42  3:55  Drone x2  
  49  4:03  Baneling Nest, Drone  
  49  4:04  Drone x2  
  49  4:06  Evolution Chamber  
  49  4:07  Evolution Chamber, Extractor  
  49  4:09  Overlord  
  48  4:11  Overlord  
  48  4:26  Zergling x6  
  51  4:39  Zergling x4  
  51  4:40  Zergling x2  
  51  4:43  Zerg Ground Armor Level 1, Zerg Melee Weapons Level 1  
  54  4:46  Zergling x6  
  54  4:47  Zergling x2, Drone x2  
  54  4:48  Baneling x4  
  54  4:49  Baneling  
  60  4:53  Zergling x2  
  60  4:54  Zergling x2  
  60  4:55  Zergling x2  
  63  5:00  Baneling  
  63  5:03  Baneling  
  63  5:19  Drone x4  
  63  5:20  Drone x4  
  71  5:24  Drone  
  71  5:26  Drone x2  
  74  5:29  Overlord  
  74  5:32  Lair  
  62  6:03  Zergling x2  
  62  6:04  Zergling x34  
  76  6:13  Overlord  
  76  6:15  Extractor  
  76  6:18  Hatchery  
  73  6:26  Spore Crawler  
  73  6:29  Spore Crawler  
  73  6:30  Queen  
  73  6:31  Queen x2  
  76  6:37  Baneling x11  
  72  6:40  Drone  
  72  6:41  Drone x9  
  72  6:44  Drone  
  70  7:04  Zergling x2  
  70  7:05  Zergling x14  
  70  7:06  Queen  
  70  7:09  Drone  
  70  7:25  Zerg Ground Armor Level 2  
  67  7:39  Drone x4  
  67  7:40  Drone x2  
  67  7:42  Queen  
  67  7:43  Queen  
  77  7:51  Zergling x6  
  71  7:52  Zergling x6  
  71  7:56  Drone x3  
  71  7:57  Drone x2  
  80  8:01  Zergling x4  
  80  8:02  Zergling x2  
  81  8:09  Spine Crawler  
  81  8:11  Spine Crawler  
  79  8:18  Spore Crawler, Extractor  
  77  8:22  Queen  
  77  8:25  Zergling x2  
  77  8:26  Zergling x20  
  90  8:37  Overlord x4  
  90  8:38  Overlord  
  89  8:41  Overlord x2  
  89  8:45  Overlord  
  87  9:07  Spore Crawler  
  84  9:12  Zergling x2  
  84  9:13  Zergling x34  
  84  9:15  Baneling x6  
  101  9:17  Baneling  
  101  9:18  Baneling x10  
  101  9:19  Baneling  
  101  9:22  Zergling x4  
  101  9:23  Zergling x2  
  100  9:25  Centrifical Hooks  
  91  9:40  Drone x6  
  91  9:41  Drone x3  
  91  9:44  Queen x2  
  105  9:45  Drone x2  
  105  10:04  Zergling x2  
  105  10:05  Zergling x28  
  116  10:14  Infestation Pit  
  116  10:15  Drone x3  
  116  10:18  Zergling x4  
  116  10:19  Zergling x4  
  116  10:20  Zergling x2  
  116  10:26  Hatchery  
  107  10:39  Zergling x6  
  107  10:40  Zergling x16  
  112  10:44  Queen  
  112  10:46  Drone x3  
  112  10:48  Overlord x2  
  116  11:16  Zergling x2  
  116  11:17  Zergling x30  
  122  11:23  Baneling x2  
  122  11:24  Baneling x16  
  122  11:27  Spire  
  121  11:33  Pneumatized Carapace  
  121  11:43  Hive  
  121  11:44  Zergling x18  
  126  12:08  Zergling x16  
  126  12:09  Zergling x26  
  126  12:10  Spore Crawler  
  126  12:14  Queen  
  126  12:15  Queen x2  
  149  12:16  Queen  
  132  12:30  Zergling x14  
  132  12:31  Zergling x6  
  130  12:39  Zergling x2  
  130  12:40  Zergling x12  
  130  12:42  Zergling x6  
  131  12:50  Baneling x4  
  131  12:51  Baneling x17  
  131  12:53  Zergling x10  
  136  13:04  Zergling x10  
  136  13:05  Zergling x4  
  143  13:14  Zerg Melee Weapons Level 2  
  143  13:17  Extractor  
  143  13:18  Hatchery, Extractor  
  140  13:23  Drone x2  
  140  13:24  Drone x3  
  145  13:28  Unknown  
  144  13:38  Zergling x2  
  144  13:39  Zergling x30  
  144  13:40  Zergling x2  
  160  13:46  Adrenal Glands  
  155  13:53  Drone x2  
  155  13:54  Drone x2  
  119  14:12  Zergling x2  
  119  14:16  Zergling x2  
  105  14:17  Zergling x32  
  120  14:31  Drone x5  
  122  14:32  Drone x2  
  127  14:38  Corruptor  
  127  14:39  Corruptor x4  
  101  15:04  Zergling x2  
  101  15:06  Corruptor x3  
  101  15:10  Zergling x2  
  101  15:11  Zergling x30  
  109  15:18  Zergling x8  
  109  15:19  Zergling x4  
  96  15:23  Zergling x10  
Tags
 
Add a new tag
Caveats
  • Supply blocks, unpowered buildings, or Contaminate may cause inaccurate times.
  • Supply counts are checked every 10 seconds.